 Dungeon Crawl Stone Soup version 0.13-a0-2640-geebf78d (webtiles) character file.

410 Kae the Cudgeler (level 6, -3/57 HPs)
             Began as a Naga Berserker on Aug 6, 2013.
             Was a Priest of Trog.
             Slain by a gnoll
             ... wielding a +0,+0 halberd
              (8 damage)
             ... on Level 4 of the Dungeon.
             The game lasted 00:06:54 (3513 turns).

Kae the Cudgeler (Naga Berserker)                   Turns: 3513, Time: 00:06:54

HP  -3/57        AC  3     Str 20      XL: 6   Next: 19%
MP   5/5         EV  9     Int  8      God: Trog [***...]
Gold 147         SH  0     Dex 10      Spells:  0 memorised,  5 levels left

Res.Fire  : . . .   See Invis. : +   a - +0 mace
Res.Cold  : . . .   Warding    : .   b - +0 animal skin
Life Prot.: . . .   Conserve   : .   (no shield)
Res.Poison: +       Res.Corr.  : .   (no helmet)
Res.Elec. : .       Clarity    : .   (no cloak)
Sust.Abil.: . .     Spirit.Shd : .   (no gloves)
Res.Mut.  : .       Stasis     : .   (no barding)
Res.Rott. : .       Flight     : .   (no amulet)
Saprovore : . . .                    (no ring)
                                     p - ring of flight

@: regenerating (expiring), exhausted, slowed, very slow, very resistant to
hostile enchantments, unstealthy
A: spit poison, see invisible, deformed body, poison resistance, slowness 2, AC
+2, Str -1
a: Spit Poison, Burn Spellbooks, Berserk, Trog's Hand, Renounce Religion, Evoke
Flight


You were on level 4 of the Dungeon.
You worshipped Trog.
Trog was greatly pleased with you.
You were very hungry.

You visited 1 branch of the dungeon, and saw 4 of its levels.

You collected 127 gold pieces.

Inventory:

Hand weapons
 a - a +0,+0 mace (weapon)
Armour
 b - a +0 animal skin (worn)
 m - a +0 pearl dragon hide
Comestibles
 c - 2 bread rations
 q - 3 meat rations
 r - 2 chunks of gnoll flesh
 w - a choko
Scrolls
 d - 2 scrolls of enchant weapon I {unknown}
 f - a scroll of curse weapon {unknown}
 i - a scroll of amnesia {unknown}
 j - 4 scrolls of remove curse {unknown}
 k - a scroll of recharging {unknown}
 l - a scroll of teleportation {unknown}
 n - 8 scrolls of identify {unknown}
 o - 2 scrolls of magic mapping {unknown}
 s - a scroll of blinking {unknown}
 u - 3 scrolls of noise {unknown}
Jewellery
 h - a cursed ring of teleportation {unknown}
 p - a ring of flight (left hand)
Potions
 e - 4 potions of curing
 g - a potion of restore abilities
 t - a potion of poison {unknown}


   Skills:
 - Level 3.0 Fighting
 + Level 6.7 Maces & Flails
 - Level 1.5 Armour
 - Level 1.5 Dodging


You had 5 spell levels left.
You didn't know any spells.

Dungeon Overview and Level Annotations

Branches:
Dungeon (4/27)
 Temple: D:4-7

Altars:
Sif Muna
Trog
Zin
the Shining One

Annotations
D:4 Eustachio


Innate Abilities, Weirdness & Mutations

You cannot wear boots.
You can spit poison.
Your serpentine skin is tough (AC +2).
You have supernaturally acute eyesight.
Armour fits poorly on your strangely shaped body.
Your system is resistant to poisons.
You cover ground very slowly.
You are weak (Str -1).


Message History

Eustachio is almost dead.
The gnoll closely misses you. The gnoll barely misses you.
The green rat barely misses you. The gnoll hits you!
* * * LOW HITPOINT WARNING * * *
The quokka bites you.
* * * LOW HITPOINT WARNING * * *
Eustachio closely misses you.
The gnoll shaman calls upon its god to speed up the gnoll.
The gnoll seems to speed up.
The gnoll barely misses you. The green rat closely misses you.
You hit Eustachio.
Eustachio is almost dead.
The gnoll hits you but does no damage. The gnoll barely misses you.
The quokka bites you.
* * * LOW HITPOINT WARNING * * *
The gnoll hits you.
* * * LOW HITPOINT WARNING * * *
Eustachio closely misses you. The green rat barely misses you.
The gnoll hits you from afar with a halberd!
You die...

............. .##.#####....
............ # ##+#####....
###'#. #...........
......#########........###
.r.....zggK#...............
.......rg@gr)..>...........
g......###@#)###........###
..... #r#.# ##.####### ....
#.#.# #.# ... #.#.# #.. .
#.#.# #### #.#.# #.#.#
#.#.# #.#.#


You could see Eustachio, a gnoll shaman, 3 gnolls, a green rat, a grey rat, a
quokka, a kobold and a giant gecko skeleton.

Vanquished Creatures
  An orc priest (D:4)
  2 orc wizards (D:4)
  Jessica (D:3)
  Terence (D:2)
  4 adders
  4 gnolls
  A worm (D:2)
  A giant gecko (D:1)
  2 oozes (D:3)
  4 orcs (D:4)
  2 ball pythons
  3 giant cockroaches
  8 hobgoblins
  A quokka (D:3)
  7 bats
  2 giant newts
  11 goblins
  8 kobolds
  12 rats
75 creatures vanquished.

Notes
Turn   | Place    | Note
--------------------------------------------------------------
     0 | D:1      | Kae, the Naga Berserker, began the quest for the Orb.
     0 | D:1      | Reached XP level 1. HP: 21/21 MP: 0/0
   517 | D:1      | Reached XP level 2. HP: 24/28 MP: 1/1
   799 | D:1      | Acquired Trog's second power
  1022 | D:2      | Found a deep blue altar of Sif Muna.
  1023 | D:2      | Found a bloodstained altar of Trog.
  1027 | D:2      | Found a glowing golden altar of the Shining One.
  1028 | D:2      | Found a glowing silver altar of Zin.
  1031 | D:2      | Reached skill level 4 in Maces & Flails
  1044 | D:2      | Reached XP level 3. HP: 11/36 MP: 2/2
  1068 | D:2      | Gained mutation: Your muscles are flexible, but weak (Str -1, Dex +1). [potion of mutation]
  1068 | D:2      | Gained mutation: You are weak (Str -1). [potion of mutation]
  1068 | D:2      | Lost mutation: Your muscles are flexible, but weak (Str -1, Dex +1). [potion of mutation]
  1713 | D:2      | Noticed Terence
  1725 | D:2      | Killed Terence
  1725 | D:2      | Reached XP level 4. HP: 43/43 MP: 3/3
  2189 | D:2      | Reached skill level 5 in Maces & Flails
  2638 | D:3      | Reached XP level 5. HP: 27/49 MP: 4/4
  2952 | D:3      | Noticed Jessica
  2957 | D:3      | Killed Jessica
  3090 | D:4      | Reached skill level 6 in Maces & Flails
  3098 | D:4      | Reached XP level 6. HP: 26/57 MP: 5/5
  3495 | D:4      | Noticed Eustachio
  3513 | D:4      | Slain by a gnoll

Action                   |  1- 3 |  4- 6 || total
-------------------------+-------+-------++-------
Melee: Mace              |   113 |   140 ||   253
Invok: Trog's Hand       |     2 |     2 ||     4
       Berserk           |     1 |     2 ||     3
 Abil: Spit Poison       |     1 |     2 ||     3
  Use: Potion            |     5 |       ||     5
